 Dungeon Crawl Stone Soup version 0.29.0-11-gd7f09526c8 (webtiles) character file.

Game seed: 1211353227557965397

854 Arcadio the Trooper (level 7, 0/59 HPs)
             Began as a Palentonga Fighter on Sept 6, 2022.
             Was a Follower of Zin.
             Slain by a jelly (2 damage)
             ... on level 4 of the Dungeon.
             The game lasted 00:08:38 (4218 turns).

Arcadio the Trooper (Palentonga Fighter)            Turns: 4218, Time: 00:08:38

Health: 0/59       AC: 10    Str: 24    XL:     7   Next: 70%
Magic:  7/7        EV:  4    Int:  8    God:    Zin [*.....]
Gold:   117        SH:  4    Dex:  9    Spells: 6/6 levels left

rFire   . . .      SeeInvis +   a - +0 war axe
rCold   . . .      Faith    .   c - +0 buckler
rNeg    . . .      Spirit   .   g - +0 plate armour
rPois   .          Reflect  .   q - +0 helmet
rElec   .          Harm     .   (no cloak)
rCorr   .          Rampage  .   (no gloves)
Will    .....                   (no barding)
Stlth   ..........              (no amulet)
HPRegen 0.19/turn               (no ring)
MPRegen 0.10/turn               (no ring)

@: weakened, corroded, invisible, curled up
A: large, rugged brown scales 3, see invisible, deformed body, roll 1, armoured
tail, reflexive curl
a: Rolling Charge, Renounce Religion, Recite, Donate Gold


You were on level 4 of the Dungeon.
You worshipped Zin.
Zin was aware of your devotion.
You visited 1 branch of the dungeon, and saw 4 of its levels.

You collected 129 gold pieces.
You donated 12 gold pieces to Zin.

Inventory:

Hand Weapons
 a - a +0 war axe (weapon)
Armour
 b - a +0 scale mail
 c - a +0 buckler (worn)
 g - a +0 plate armour (worn)
 q - a +0 helmet (worn)
Scrolls
 e - a scroll of poison {unknown}
 i - 2 scrolls of magic mapping {unknown}
 m - a scroll of noise {unknown}
 n - a scroll of fear {unknown}
 o - a scroll of summoning {unknown}
 u - 3 scrolls of butterflies {unknown}
 v - a scroll of enchant armour {unknown}
 w - a scroll of amnesia {unknown}
Potions
 d - a potion of might
 f - 2 potions of curing
 h - a potion of cancellation
 k - a potion of attraction {unknown}
 l - 2 potions of lignification
 p - a potion of degeneration {unknown}
 r - a potion of ambrosia {unknown}
 s - 2 potions of flight
 t - a potion of mutation {unknown}


   Skills:
 + Level 5.2 Fighting
 + Level 4.7 Axes
 + Level 4.3 Armour
 + Level 4.8 Shields


You had 6 spell levels left.
You didn't know any spells.
Your spell library contained the following spells:

 Spells                   Type           Power      Damage    Failure   Level
 Shock                    Conj/Air       0%         1d3       100%        1
 Conjure Flame            Conj/Fire      0%         6-21      100%        3
 Gell's Gravitas          Tloc           0%         N/A       100%        3
 Ignite Poison            Fire/Tmut/Pois 0%         N/A       100%        3
 Lesser Beckoning         Tloc           0%         N/A       100%        3
 Swiftness                Air            0%         N/A       100%        3
 Teleport Other           Tloc           0%         N/A       100%        3
 Airstrike                Air            0%         2d(0-16)  100%        4
 Sticky Flame             Conj/Fire      0%         2d3       100%        4


Dungeon Overview and Level Annotations

Branches:
Dungeon (4/15) Zot: 19657
 Temple: D:4-7

Altars:
Zin

Annotations:
D:4 Dowan, Duvessa


Innate Abilities, Weirdness & Mutations

You are completely covered in rugged brown scales. (AC +3, +7% HP)
You have supernaturally acute eyesight. (SInv)
Armour fits poorly on your strangely shaped body.
You can roll at nearby foes to attack.
You have a long armoured tail.
You curl defensively after being hit. (AC +7*)


Message History

You hit the gnoll bouda.
The gnoll bouda is almost dead.
The gnoll bouda barely misses you.
Dowan, Brother of Duvessa comes into view.
He is wielding a +0 dagger.
The gnoll bouda hits you with a +0 club!
Dowan shouts!
You slash the gnoll bouda!
You kill the gnoll bouda!
You hit the jelly.
Your hands burn!
The jelly is lightly wounded.
The jelly hits you but does no damage.
Dowan says, "Magic and the sword, together, will defeat you."
You hit the jelly.
Your hands burn!
The jelly is heavily wounded.
The jelly hits you but does no damage.
You hit the jelly. The acid corrodes you!
Your hands burn!
You tail-slap the jelly, but do no damage.
The jelly is heavily wounded.
The jelly hits you. The acid corrodes you!
You are splashed with acid!
* * * LOW HITPOINT WARNING * * *
The jelly hits you.
* * * LOW HITPOINT WARNING * * *
You are splashed with acid!
* * * LOW HITPOINT WARNING * * *
Okay, then.
You fade into invisibility!
The jelly hits you but does no damage. The jelly attacks as you move away!
The jelly barely misses you.
The gnoll is no longer moving quickly. x3
Press: ? - help, v - describe, . - travel The floor.
You barely miss the jelly.
The jelly is heavily wounded.
The gnoll is no longer moving quickly.
The jelly hits you but does no damage.
You hit the jelly.
Your hands burn!
* * * LOW HITPOINT WARNING * * *
You tail-slap the jelly, but do no damage.
The jelly is heavily wounded.
The jelly hits you.
You die...

#.....# #...# #.#.#####...#
.# #.#.......... .# .
#.############ .# ..
#.#....#.....# .###...
#.#.##.#.###.##### ..$....
#.#.##.#.#.......# e......
..#.#..#.#.##....####e......
....#.##........@Jgggg......
#
#####.####.##....####g......
# #.####.##....# ....... #
#....#.##....# #...... #
###.##.##....# #..... #
#.##.##....# #.... #
#.##.####### #... #.##.# #..
#.##.#


You could see Duvessa (unable to see you), a jelly and 5 gnolls.

Vanquished Creatures
  Pikel (D:4)
  2 ogres
  A hound (D:4)
  A gnoll bouda (D:4)
  An iguana (D:4)
  Natasha (twice) (D:2)
  An adder (D:2)
  A worm (D:4)
  A dart slug (D:1)
  4 orcs (D:4)
  10 ball pythons
  3 bats
  8 endoplasms
  7 giant cockroaches
  7 goblins
  11 hobgoblins
  6 jackals
  3 quokkas
  2 frilled lizards (D:1)
  11 kobolds
  6 rats
  A bush (D:1)
90 creatures vanquished.

Vanquished Creatures (others)
  7 plants (D:1)
7 creatures vanquished.

Grand Total: 97 creatures vanquished

Notes
Turn   | Place    | Note
-------+----------+-------------------------------------------
     0 | D:1      | Arcadio the Palentonga Fighter began the quest for the Orb.
     0 | D:1      | Reached XP level 1. HP: 19/19 MP: 1/1
   209 | D:1      | Reached XP level 2. HP: 14/25 MP: 2/2
   912 | D:1      | Reached XP level 3. HP: 28/31 MP: 3/3
  1462 | D:2      | Noticed Natasha
  1473 | D:2      | Killed Natasha
  1523 | D:2      | Noticed Natasha
  1526 | D:2      | Found a faded altar of an unknown god.
  1526 | D:2      | Killed Natasha
  1527 | D:2      | Reached XP level 4. HP: 37/38 MP: 4/4
  2390 | D:3      | Noticed an ogre
  2400 | D:3      | Killed an ogre
  2401 | D:3      | Reached skill level 4 in Fighting
  2401 | D:3      | Reached XP level 5. HP: 25/44 MP: 5/5
  2735 | D:4      | Noticed an ogre
  2742 | D:4      | Killed an ogre
  2743 | D:4      | Reached XP level 6. HP: 8/51 MP: 6/6
  3128 | D:4      | Found a glowing silver altar of Zin.
  3136 | D:4      | Became a worshipper of Zin the Law-Giver
  3136 | D:4      | Reached * piety under Zin
  3742 | D:4      | Noticed Pikel
  3774 | D:4      | HP: 1/52 [Pikel/+1 whip of electrocution (8)]
  3781 | D:4      | Killed Pikel
  3782 | D:4      | Reached skill level 5 in Fighting
  3782 | D:4      | Gained mutation: You curl defensively after being hit. (AC
                  | +7*) [Palentonga growth]
  3782 | D:4      | Reached XP level 7. HP: 28/59 MP: 7/7
  4193 | D:4      | Noticed Duvessa
  4209 | D:4      | Noticed Dowan
  4218 | D:4      | HP: 2/59 [acid (2)]
  4218 | D:4      | Slain by a jelly

Illustrated notes

Levels and vault maps discovered:
D:1:      lightli_arrival_maybe_door_vault, layout_basic,
          nicolae_kite_square_tiling_tiny, lexackson_kobold_supper
D:2:      layout_basic, shapermc_ecumenical_altar_acropolis, uniq_natasha
D:3:      layout_rooms, roderic_filled_cross
D:4:      layout_basic, grunt_temple_overflow_diamond, lemuel_tele_altar,
          minmay_cut_off, uniq_pikel, uniq_duvessa

Skill      XL: |  1  2  3  4  5  6 |
---------------+-------------------+-----
Shields        | 3 4 |  4.8
Armour         | 3 4 |  4.3
Axes           | 3 4 |  4.7
Fighting       | 4 5 |  5.2

Action                   |  1- 3 |  4- 6 |  7- 9 || total
-------------------------+-------+-------+-------++-------
Melee: War axe           |   139 |   129 |    35 ||   303
       Tailslap          |    26 |    11 |     3 ||    40
 Abil: Rolling Charge    |     7 |     6 |     1 ||    14
  Use: Scroll            |     1 |     4 |     1 ||     6
       Potion            |       |     3 |     1 ||     4
Armor: Scale mail        |    16 |       |       ||    16
       Plate armour      |    71 |    77 |    23 ||   171
Dodge: Dodged            |    31 |    26 |    11 ||    68
Block: Buckler           |    26 |    29 |    12 ||    67
